Map: Ruins of Endion

Players

Neeb - Winner!

  • Race: Protoss Protoss

Lilbow

  • Race: Protoss Protoss

Event: DreamHack Open Tours WCS Spring Championship

VOD

Have the link to the VOD?

Description

Time

  • Played on: May 14, 2016, 5:21 a.m.
  • Length: 14:09

All games in this series

Show
View Real Time Build Order
Export as new Build Order

Neeb Protoss - Winner!

Build Orders:  

Get SALT Encoding   

  12  0:00  Probe (Chrono Boost)  
  13  0:11  Probe (Chrono Boost)  
  14  0:18  Pylon  
  14  0:22  Probe (Chrono Boost)  
  15  0:36  Probe (Chrono Boost), Gateway  
  16  0:46  Probe (Chrono Boost)  
  16  0:47  Assimilator  
  17  0:53  Assimilator  
  18  0:57  Probe (Chrono Boost)  
  18  1:07  Probe (Chrono Boost)  
  19  1:15  Gateway  
  19  1:18  Probe (Chrono Boost)  
  20  1:24  Cybernetics Core  
  20  1:28  Probe (Chrono Boost)  
  21  1:34  Pylon  
  21  1:39  Probe (Chrono Boost)  
  22  1:50  Probe (Chrono Boost)  
  23  2:02  Stalker x2  
  23  2:03  Probe (Chrono Boost)  
  23  2:07  Warp Gate (Chrono Boost)  
  28  2:17  Pylon  
  28  2:20  Mothership Core (Chrono Boost)  
  30  2:35  Sentry, Stalker  
  34  2:56  Nexus  
  34  3:00  Probe  
  36  3:12  Probe (Chrono Boost)  
  36  3:15  Robotics Facility  
  36  3:22  Pylon  
  36  3:24  Probe (Chrono Boost)  
  37  3:35  Probe (Chrono Boost)  
  38  3:43  Twilight Council  
  38  3:45  Probe (Chrono Boost)  
  39  3:56  Probe (Chrono Boost)  
  40  4:04  Observer  
  40  4:06  Probe (Chrono Boost)  
  40  4:09  Probe (Chrono Boost)  
  43  4:13  Sentry  
  43  4:17  Probe (Chrono Boost)  
  46  4:20  Probe (Chrono Boost), Blink (Chrono Boost)  
  46  4:23  Pylon  
  47  4:27  Immortal  
  47  4:28  Probe  
  48  4:32  Probe  
  53  4:40  Probe  
  53  4:44  Probe  
  55  4:47  Assimilator  
  55  4:52  Probe, Sentry  
  58  4:56  Probe  
  59  5:04  Probe, Immortal  
  59  5:06  Pylon  
  60  5:08  Probe  
  65  5:16  Probe  
  65  5:19  Gateway  
  65  5:20  Probe  
  67  5:23  Nexus  
  67  5:26  Sentry  
  67  5:28  Pylon  
  69  5:30  Probe  
  69  5:34  Stalker  
  73  5:35  Probe  
  73  5:41  Immortal  
  73  5:48  Pylon  
  77  5:57  Gateway  
  77  5:59  Gateway  
  77  6:02  Gateway  
  77  6:04  Sentry  
  77  6:05  Probe  
  77  6:06  Probe  
  81  6:12  Pylon  
  81  6:16  Assimilator  
  81  6:18  Probe x2  
  83  6:23  Robotics Bay  
  83  6:29  Immortal  
  83  6:30  Probe x2  
  85  6:34  Probe  
  90  6:42  Probe x2, Forge  
  90  6:45  Probe  
  96  7:02  Stalker x3  
  96  7:03  Stalker  
  96  7:06  Stalker  
  96  7:07  Stalker  
  105  7:09  Pylon  
  105  7:13  Disruptor  
  105  7:19  Pylon  
  105  7:21  Pylon  
  108  7:26  Adept x3  
  108  7:28  Probe  
  108  7:29  Probe x2  
  117  7:33  Assimilator, Adept  
  117  7:36  Adept  
  121  7:40  Adept  
  123  7:44  Disruptor  
  124  8:05  Stalker  
  109  8:09  Pylon x2  
  109  8:12  Pylon x2  
  109  8:13  Pylon  
  109  8:19  Disruptor  
  100  8:28  Stalker  
  100  8:30  Probe  
  100  8:31  Probe  
  100  8:32  Probe  
  92  8:40  Stalker x2  
  85  8:44  Gateway  
  85  8:46  Gateway  
  83  8:49  Gateway  
  83  8:50  Disruptor  
  83  8:51  Pylon  
  83  8:55  Stalker  
  84  8:58  Mothership Core  
  84  8:59  Protoss Ground Weapons Level 1 (Chrono Boost)  
  84  9:00  Pylon  
  89  9:09  Nexus  
  89  9:11  Adept  
  89  9:12  Adept x3  
  97  9:24  Immortal, Pylon  
  101  9:35  Sentry, Stalker x2  
  107  9:38  Stalker  
  109  9:45  Stalker  
  111  9:55  Adept x2  
  111  10:06  Stalker  
  111  10:07  Stalker  
  111  10:08  Stalker  
  109  10:25  Stalker x3  
  109  10:26  Adept x2  
  117  10:38  Nexus  
  113  10:53  Stalker x3  
  119  11:15  Stalker  
  119  11:16  Stalker x3  
  103  11:33  Sentry, Stalker x3  
  86  12:12  Sentry x3  
  92  12:33  Assimilator  
  92  12:34  Assimilator  
  92  12:35  Disruptor  
  95  12:54  Probe, Pylon  
  95  12:55  Probe  
  95  13:07  Probe  
  95  13:12  Stalker x3  
  100  13:16  Disruptor  
  99  13:31  Stalker  
Show
View Real Time Build Order
Export as new Build Order

Lilbow Protoss 

Build Orders: Phoenix Opening 

Get SALT Encoding   

  12  0:00  Probe (Chrono Boost)  
  13  0:11  Probe (Chrono Boost)  
  14  0:17  Pylon  
  14  0:22  Probe (Chrono Boost)  
  16  0:35  Gateway  
  16  0:36  Probe (Chrono Boost)  
  16  0:41  Assimilator  
  16  0:46  Probe (Chrono Boost)  
  17  0:57  Probe (Chrono Boost)  
  18  0:58  Assimilator  
  18  1:07  Probe (Chrono Boost)  
  18  1:09  Gateway  
  19  1:18  Probe (Chrono Boost)  
  20  1:22  Cybernetics Core  
  20  1:28  Probe (Chrono Boost)  
  20  1:31  Pylon  
  21  1:39  Probe (Chrono Boost)  
  22  1:49  Probe (Chrono Boost)  
  23  1:58  Stalker (Chrono Boost)  
  23  2:00  Warp Gate (Chrono Boost), Stalker (Chrono Boost)  
  27  2:06  Mothership Core  
  29  2:13  Pylon  
  29  2:28  Sentry (Chrono Boost)  
  31  2:31  Probe  
  31  2:35  Stalker (Chrono Boost)  
  34  2:44  Probe  
  37  2:51  Sentry  
  37  2:59  Nexus  
  37  3:06  Pylon  
  37  3:10  Probe  
  38  3:21  Robotics Facility  
  38  3:23  Probe  
  39  3:35  Probe (Chrono Boost)  
  39  3:38  Phoenix  
  40  3:42  Pylon  
  40  3:48  Probe (Chrono Boost)  
  41  3:53  Sentry, Stalker  
  45  3:58  Probe (Chrono Boost)  
  46  4:09  Probe (Chrono Boost)  
  48  4:10  Observer  
  48  4:11  Probe (Chrono Boost)  
  49  4:19  Probe (Chrono Boost)  
  49  4:22  Probe (Chrono Boost)  
  51  4:29  Twilight Council  
  51  4:30  Probe (Chrono Boost)  
  52  4:31  Phoenix  
  52  4:32  Probe (Chrono Boost)  
  52  4:33  Assimilator  
  52  4:37  Immortal  
  57  4:40  Probe (Chrono Boost)  
  57  4:43  Probe (Chrono Boost)  
  59  4:49  Forge, Assimilator  
  59  4:51  Probe (Chrono Boost)  
  60  4:53  Blink (Chrono Boost), Probe (Chrono Boost)  
  61  5:01  Probe (Chrono Boost)  
  61  5:04  Probe (Chrono Boost)  
  63  5:11  Pylon  
  63  5:12  Probe  
  64  5:14  Immortal (Chrono Boost)  
  64  5:15  Probe  
  64  5:20  Phoenix  
  69  5:26  Protoss Ground Weapons Level 1 (Chrono Boost)  
  69  5:37  Nexus  
  69  5:39  Sentry  
  71  5:43  Stalker  
  73  5:53  Gateway x2  
  73  5:59  Immortal (Chrono Boost)  
  77  6:15  Gateway  
  77  6:16  Gateway  
  77  6:18  Gateway  
  77  6:20  Pylon  
  77  6:23  Pylon  
  77  6:32  Pylon  
  77  6:38  Warp Prism (Chrono Boost)  
  77  6:39  Stalker x2  
  83  6:48  Pylon  
  83  6:49  Pylon, Stalker  
  83  6:50  Stalker  
  87  7:09  Stalker x2  
  87  7:11  Stalker x2  
  95  7:19  Observer (Chrono Boost)  
  96  7:42  Stalker x3  
  96  7:43  Stalker x3  
  96  7:44  Stalker  
  98  8:03  Immortal (Chrono Boost)  
  98  8:11  Stalker x4  
  98  8:12  Stalker x3  
  70  8:34  Stalker x2  
  70  8:35  Stalker  
  70  8:36  Stalker  
  70  8:37  Stalker x2  
  71  8:42  Stalker  
  73  8:59  Probe  
  73  9:00  Probe x2  
  76  9:06  Stalker  
  76  9:07  Stalker x3  
  84  9:14  Protoss Ground Weapons Level 2 (Chrono Boost)  
  84  9:20  Assimilator  
  84  9:34  Stalker x4  
  92  9:49  Stalker x3  
  98  10:08  Stalker x3  
  98  10:09  Stalker  
  104  10:27  Stalker x3  
  102  10:54  Stalker x7  
  112  11:02  Pylon  
  108  11:25  Stalker x3  
  110  11:26  Stalker x2  
  114  11:43  Nexus  
  70  12:10  Stalker x4  
  70  12:11  Stalker x3  
  82  12:36  Stalker x2  
  86  12:41  Stalker x4  
  80  13:33  Observer  
  78  13:34  Stalker x3  
  78  13:35  Stalker x2  

Tags
 
Add a new tag
Caveats
  • Supply blocks, unpowered buildings, or Contaminate may cause inaccurate times.
  • Supply counts are checked every 10 seconds.